[Event "Skol-SM 2021, grupp B"]
[Site "Helsingborg Arena"]
[Date "2021.10.09"]
[Round "6.4"]
[White "Malmstrom, Asker"]
[Black "Lindholm, Gustav"]
[Result "1-0"]
[WhiteElo "1434"]
[BlackElo "1709"]
[ECO "D00"]
[TimeControl "45 minutes + 10 seconds per move from move one."]
[WhiteFideId "1741519"]
[BlackFideId "1736515"]

1.d4 d5 2.Bf4 Nf6 3.e3 c5 4.c3 Nc6 5.Bd3 Qb6 6.b3 cxd4 7.exd4 Bg4 8.Nf3 e6
9.h3 Bh5 10.Nbd2 Be7 11.Qc2 Rc8 12.Qb2 Bg6 13.Bxg6 hxg6 14.Ne5 Nxe5 15.
Bxe5 Qa5 16.b4 Qb5 17.Rc1 O-O 18.a3 Nd7 19.Bf4 f6 20.Nf3 Rc6 21.Qe2 Qxe2+ 
22.Kxe2 Rfc8 23.Kd3 b5 24.Rc2 Nb6 25.Nd2 g5 26.Bg3 Bd6 27.Bxd6 Rxd6 28.Re1
Re8 29.Nf3 Kf7 30.g4 Rh8 31.Rh1 Rc6 32.Rcc1 Nc4 33.Rc2 Ra6 34.Ra2 Ra4 35.
Nd2 Nxa3 36.Nb3 Nc4 37.Rxa4 Nb2+ 38.Kc2 Nxa4 39.Nc5 Nxc5 40.dxc5 a6 41.Ra1
Ra8 42.Kd3 e5 43.f3 Ke6 44.Ke3 Kd7 45.Rd1 Kc6 46.Ra1 g6 47.Ra2 f5 48.Ra1 
Ra7 49.Ra2 Ra8 50.Ra1 f4+ 51.Kd3 a5 52.Ra2 a4 53.Ra1 Re8 54.Re1 a3 55.Ra1 
e4+ 56.fxe4 dxe4+ 57.Ke2 Ra8 58.Kd2 Kd5 59.Kc2 Kc4 60.c6 Rc8 61.Rd1 a2 62.
Rd4# 1-0

[Event "Skol-SM 2021, grupp B"]
[Site "Helsingborg Arena"]
[Date "2021.10.09"]
[Round "6.5"]
[White "Ostlund, Joar"]
[Black "Frank, Anton"]
[Result "1-0"]
[WhiteElo "1700"]
[BlackElo "1525"]
[ECO "A50"]
[TimeControl "45 minutes + 10 seconds per move from move one."]
[WhiteFideId "1735020"]
[BlackFideId "1752383"]

1.d4 Nf6 2.c4 b6 3.Nf3 Bb7 4.Bf4 e6 5.a3 Be7 6.Nc3 d5 7.Qa4+ c6 8.cxd5 
Nxd5 9.Nxd5 exd5 10.e3 O-O 11.Be2 Nd7 12.O-O c5 13.Rac1 a6 14.dxc5 Nxc5 
15.Qd1 Rc8 16.Nd4 Ne6 17.Rxc8 Qxc8 18.Nf5 Qd7 19.Be5 Rd8 20.Bd3 Bf8 21.Qh5
g6 22.Nh6+ Bxh6 23.Qxh6 f5 24.Qh4 Qf7 25.Rc1 g5 26.Qb4 b5 27.a4 bxa4 28.
Qxa4 Rc8 29.Rxc8+ Bxc8 30.Qc6 Bb7 31.Qb6 f4 32.exf4 Nxf4 33.Qd8+ Qf8 34.
Qxg5+ Ng6 35.Bxg6 1-0

[Event "Skol-SM 2021, grupp B"]
[Site "Helsingborg Arena"]
[Date "2021.10.09"]
[Round "6.6"]
[White "Ostensson, Julia"]
[Black "Petersson, David"]
[Result "1-0"]
[WhiteElo "1373"]
[BlackElo "1519"]
[ECO "C70"]
[TimeControl "45 minutes + 10 seconds per move from move one."]
[WhiteFideId "1747703"]
[BlackFideId "1738658"]

1.e4 e5 2.Nf3 Nc6 3.Bb5 a6 4.Ba4 Bc5 5.d3 b5 6.Bb3 Nf6 7.c3 O-O 8.Bg5 d6 
9.Nbd2 Be6 10.O-O h6 11.Bh4 a5 12.Bxe6 fxe6 13.Qb3 Qd7 14.a4 b4 15.Qc4 Bb6
16.Bg3 Nh5 17.Rfe1 Nxg3 18.hxg3 Rad8 19.Qb3 Rf6 20.Nc4 Ba7 21.Re2 Rdf8 22.
Ne3 Rb8 23.Qc2 Re8 24.Rc1 Bb6 25.Nc4 Bc5 26.Qd2 Ba7 27.cxb4 axb4 28.Qc2 
Rxf3 29.gxf3 Nd4 30.Qd1 Nxe2+ 31.Qxe2 Rf8 32.b3 Bc5 33.Nxe5 Bxf2+ 34.Kxf2 
dxe5 35.Qe3 Qd6 36.Ke2 Rc8 37.Qc5 Qd4 38.Qxd4 exd4 39.Rc6 e5 40.Re6 c5 41.
Rxe5 Rc6 42.f4 Kf7 43.Kf3 Kf6 44.g4 g6 45.Rd5 Ke6 46.Rd8 Kf7 47.Rd5 Ke6 
48.Re5+ Kf6 49.Re8 Kf7 50.Rh8 Kg7 51.Rb8 Kf7 52.Rb7+ Kf6 53.a5 Rc8 54.a6 
Ra8 55.a7 Ke6 56.Kg3 Kf6 57.Rb6+ Kf7 58.Rb7+ Kf6 59.Rc7 Ke6 60.f5+ gxf5 
61.exf5+ Kf6 62.Kf4 Re8 63.Rc6+ Kg7 64.Rxc5 Ra8 65.Rc7+ Kf6 66.Rh7 Re8 67.
Rxh6+ Kg7 68.Rb6 Ra8 69.Rb7+ Kh6 70.g5+ Kh5 71.Rh7# 1-0

[Event "Skol-SM 2021, grupp B"]
[Site "Helsingborg Arena"]
[Date "2021.10.10"]
[Round "7.1"]
[White "Ostlund, Joar"]
[Black "Olsson, William"]
[Result "1-0"]
[WhiteElo "1700"]
[BlackElo "1944"]
[ECO "D43"]
[TimeControl "45 minutes + 10 seconds per move from move one."]
[BlackTitle "FM"]
[WhiteFideId "1735020"]
[BlackFideId "1741721"]

1.d4 d5 2.Nf3 c6 3.c4 e6 4.Nc3 Nf6 5.Bg5 h6 6.Bxf6 Qxf6 7.e3 Nd7 8.Bd3 
dxc4 9.Bxc4 Bd6 10.O-O Qe7 11.Ne4 Bc7 12.Qc2 O-O 13.a4 e5 14.a5 Kh8 15.Ng3
exd4 16.exd4 Nf6 17.Rfe1 Qd8 18.Ne5 Nd5 19.a6 Bb6 20.Rad1 Qc7 21.Qe4 Nf6 
22.Qf3 Ba5 23.Re2 b5 24.Bxb5 Rb8 25.Bc4 Rb6 26.Ne4 Nd5 27.Ng6+ Kg8 28.Nxf8
Kxf8 29.Bxd5 cxd5 30.Nc5 Qd8 31.Re5 Rd6 32.Nb7 Bxb7 33.axb7 Bc7 34.Rde1 
Qb8 35.Qa3 f6 36.Rxd5 Kf7 37.Rxd6 Bxd6 38.Qb3+ Kg6 39.Qd3+ Kf7 40.Qc4+ Kg6
41.Qc8 Bxh2+ 42.Kh1 Qf4 43.Qe8+ Kf5 44.Qh5+ g5 45.g4+ Qxg4 46.Qxg4+ 1-0

[Event "Skol-SM 2021, grupp B"]
[Site "Helsingborg Arena"]
[Date "2021.10.10"]
[Round "7.2"]
[White "Dingertz, Erik"]
[Black "Malmstrom, Asker"]
[Result "1-0"]
[WhiteElo "1761"]
[BlackElo "1434"]
[ECO "A36"]
[TimeControl "45 minutes + 10 seconds per move from move one."]
[WhiteFideId "1741578"]
[BlackFideId "1741519"]

1.c4 c5 2.Nc3 Nc6 3.g3 g6 4.Bg2 Bg7 5.a3 a5 6.e3 Nf6 7.Nge2 d6 8.d4 cxd4 
9.exd4 Bd7 10.O-O O-O 11.Re1 Re8 12.Qb3 Rb8 13.Bd2 Na7 14.a4 e6 15.Rac1 b6
16.Red1 Bc8 17.d5 e5 18.Rf1 Nd7 19.Ne4 Qc7 20.Qa3 Nc5 21.Nxc5 bxc5 22.Nc3 
Bd7 23.Nb5 Nxb5 24.axb5 Ra8 25.Ra1 a4 26.Ra2 Qb7 27.Rfa1 Ra7 28.Qe3 Rea8 
29.Ra3 f5 30.Bc3 Qb6 31.R1a2 e4 32.Bxg7 Kxg7 33.Qe1 Kf7 34.Qa1 Qa5 35.b3 
Qb4 36.Rxa4 Rxa4 37.Rxa4 Rxa4 38.Qxa4 Qe1+ 39.Bf1 e3 40.Qa2 f4 41.Qe2 
exf2+ 42.Qxf2 Qxf2+ 43.Kxf2 fxg3+ 44.Kxg3 h5 45.Bh3 Bxh3 46.Kxh3 Ke7 47.
Kh4 Kd7 48.Kg5 Kc7 49.Kxg6 h4 50.Kg5 h3 51.Kg4 Kb6 52.Kxh3 Ka5 53.Kg4 Kb4 
54.b6 Kxb3 55.b7 Kxc4 56.b8=Q Kxd5 57.Kf4 c4 58.Qb2 Kc5 59.Ke4 d5+ 60.Ke5 
Kc6 61.Qd4 c3 62.Qxc3+ Kd7 63.Kxd5 Ke7 64.Qc6 Kf8 65.Qd7 Kg8 66.Ke6 Kh8 
67.Kf6 Kg8 68.Qg7# 1-0

[Event "Skol-SM 2021, grupp B"]
[Site "Helsingborg Arena"]
[Date "2021.10.10"]
[Round "7.3"]
[White "Falkevall, Axel"]
[Black "Strom-Engdahl, Alexander"]
[Result "1-0"]
[WhiteElo "1948"]
[BlackElo "1822"]
[ECO "E46"]
[TimeControl "45 minutes + 10 seconds per move from move one."]
[WhiteTitle "CM"]
[WhiteFideId "1735560"]
[BlackFideId "1741586"]

1.d4 Nf6 2.c4 e6 3.Nc3 Bb4 4.e3 b6 5.Ne2 O-O 6.a3 Bxc3+ 7.Nxc3 Bb7 8.Bd3 
d5 9.cxd5 exd5 10.O-O c5 11.dxc5 bxc5 12.b4 Nbd7 13.Bb2 Rc8 14.Bf5 cxb4 
15.axb4 a6 16.Ne2 Rb8 17.Nf4 Qe7 18.Qf3 Ne5 19.Qg3 Ng6 20.Rfc1 Ne4 21.Bxe4
Qxe4 22.Nh5 Rbc8 23.Bxg7 Qf5 24.Bxf8 Rxf8 25.Rc7 Bc8 26.Nf4 Qe5 27.Rac1 
Bf5 28.Nxg6 Qxg3 29.Ne7+ 1-0

[Event "Skol-SM 2021, grupp B"]
[Site "Helsingborg Arena"]
[Date "2021.10.10"]
[Round "7.4"]
[White "Wernberg, Hugo"]
[Black "Sandberg, Simon"]
[Result "1-0"]
[WhiteElo "1866"]
[BlackElo "1402"]
[ECO "A41"]
[TimeControl "45 minutes + 10 seconds per move from move one."]
[WhiteTitle "CM"]
[WhiteFideId "1737511"]
[BlackFideId "1735640"]

1.c4 e5 2.Nc3 d6 3.Nf3 Nc6 4.d4 Bg4 5.d5 Nce7 6.b3 Nf6 7.Bb2 h6 8.Qd2 Qd7 
9.e3 O-O-O 10.Be2 g5 11.h4 Bg7 12.hxg5 hxg5 13.O-O-O Bxf3 14.gxf3 Rxh1 15.
Rxh1 Rh8 16.Rg1 Rh2 17.Bd1 Qf5 18.Qe2 Bh6 19.Rg3 Nh5 20.Bc2 Qf6 21.Rg1 Ng6
22.Ne4 Qe7 23.Nd2 Qf6 24.Nf1 Rh3 25.f4 gxf4 26.Qg4+ 1-0

[Event "Skol-SM 2021, grupp B"]
[Site "Helsingborg Arena"]
[Date "2021.10.10"]
[Round "7.5"]
[White "Mitra, Akash"]
[Black "Ostensson, Julia"]
[Result "1-0"]
[WhiteElo "1776"]
[BlackElo "1373"]
[ECO "B99"]
[TimeControl "45 minutes + 10 seconds per move from move one."]
[WhiteFideId "1726714"]
[BlackFideId "1747703"]

1.e4 c5 2.Nf3 d6 3.d4 cxd4 4.Nxd4 Nf6 5.Nc3 a6 6.Bg5 e6 7.f4 h6 8.Bh4 Be7 
9.Qf3 Nbd7 10.Bd3 Qc7 11.O-O-O g5 12.fxg5 Ne5 13.Qe2 Nh7 14.g6 Bxh4 15.
gxh7 Rxh7 16.Rhf1 Bd7 17.Qh5 Be7 18.Be2 O-O-O 19.Kb1 Bc6 20.Bg4 Kb8 21.Qh3
Rg8 22.Bh5 Be8 23.Nf3 Bf6 24.Nxe5 Bxe5 25.Rf3 Qe7 26.Rdf1 f6 27.Bg4 Bf7 
28.Rd3 Rhg7 29.Bf3 Rh8 30.Na4 Qd8 31.Rb3 Ka8 32.Be2 Qa5 33.Nb6+ Ka7 34.Nd7
Rg6 35.Qe3+ Ka8 36.Nb6+ Kb8 37.Ra3 Qb4 38.c3 Qc5 39.Nd7+ 1-0

[Event "Skol-SM 2021, grupp B"]
[Site "Helsingborg Arena"]
[Date "2021.10.10"]
[Round "7.6"]
[White "Lindholm, Gustav"]
[Black "Truskavetska, Solomia"]
[Result "1-0"]
[WhiteElo "1709"]
[BlackElo "1280"]
[ECO "D43"]
[TimeControl "45 minutes + 10 seconds per move from move one."]
[WhiteFideId "1736515"]
[BlackFideId "1744658"]

1.d4 d5 2.c4 c6 3.Nf3 e6 4.Nc3 Nf6 5.Bg5 Bd6 6.e3 Nbd7 7.Rc1 O-O 8.Bd3 e5 
9.cxd5 cxd5 10.dxe5 Nxe5 11.Be2 Nxf3+ 12.Bxf3 Be6 13.O-O h6 14.Bxf6 Qxf6 
15.Bxd5 Rad8 16.e4 Bf4 17.Rc2 Qg6 18.Qe2 Bg4 19.f3 Bh3 20.Kh1 Bc8 21.g3 
Be5 22.f4 Bd4 23.f5 Qf6 24.Nb5 Bb6 25.Na3 Rfe8 26.Qf3 Bd4 27.b3 a6 28.Nc4 
Bd7 29.Bxb7 Bc6 30.Bxc6 Qxc6 31.Re2 f6 32.Rd1 Be5 33.Red2 Rxd2 34.Rxd2 Bc7
35.Re2 Qd7 36.Ne3 Qd4 37.Nd5 Bb8 38.Kg2 Ba7 39.Re1 Qd2+ 40.Qe2 Qd4 41.Qc2 
Bc5 42.Kh3 Bd6 43.Qc4 Qf2 44.Nxf6+ Kf8 45.Nh7+ Ke7 46.Qe6+ Kd8 47.Qxd6+ 
Kc8 48.Qc6+ Kb8 49.Qxe8+ Kb7 50.Qd7+ Kb6 51.Qd6+ Kb7 52.Rc1 Qb6 53.Qd7+ 
Ka8 54.Rc8+ Qb8 55.Qc6+ Ka7 56.Rc7+ Qxc7 57.Qxc7+ Ka8 58.Qd7 1-0

[Event "Skol-SM 2021, grupp B"]
[Site "Helsingborg Arena"]
[Date "2021.10.10"]
[Round "8.1"]
[White "Dingertz, Erik"]
[Black "Ostlund, Joar"]
[Result "0-1"]
[WhiteElo "1761"]
[BlackElo "1700"]
[ECO "A17"]
[TimeControl "45 minutes + 10 seconds per move from move one."]
[WhiteFideId "1741578"]
[BlackFideId "1735020"]

1.c4 Nf6 2.Nc3 e6 3.g3 d5 4.Bg2 Be7 5.b3 d4 6.Ne4 Nxe4 7.Bxe4 O-O 8.e3 f5 
9.Bg2 d3 10.Bb2 Nc6 11.Bxc6 bxc6 12.f4 Bb7 13.Nf3 c5 14.O-O Bf6 15.Ne5 Qe8
16.Kf2 Be4 17.Rg1 a5 18.h3 a4 19.g4 Qc8 20.g5 Bxe5 21.Bxe5 Qd7 22.Qc1 Bb7 
23.Qc3 axb3 24.Qxb3 Be4 25.Qb5 Qe7 26.Qb2 Rfb8 27.Qc3 Rb4 28.a3 Rb6 29.a4 
Rab8 30.a5 Rb3 31.Qc1 Qd7 32.Ra3 Ba8 33.Rxb3 Rxb3 34.Bc3 Qc6 35.Qd1 Rb1 
36.Qf3 Qxf3# 0-1

[Event "Skol-SM 2021, grupp B"]
[Site "Helsingborg Arena"]
[Date "2021.10.10"]
[Round "8.2"]
[White "Falkevall, Axel"]
[Black "Lindholm, Gustav"]
[Result "1-0"]
[WhiteElo "1948"]
[BlackElo "1709"]
[ECO "D45"]
[TimeControl "45 minutes + 10 seconds per move from move one."]
[WhiteTitle "CM"]
[WhiteFideId "1735560"]
[BlackFideId "1736515"]

1.d4 d5 2.c4 c6 3.Nc3 Nf6 4.e3 e6 5.Nf3 Nbd7 6.Qc2 Be7 7.Bd3 dxc4 8.Bxc4 
b5 9.Be2 Bb7 10.a3 O-O 11.O-O a5 12.Rd1 Qb6 13.e4 Ba6 14.Bg5 Rfe8 15.e5 
Nd5 16.Bd3 h6 17.Bxe7 Rxe7 18.Rac1 Rc8 19.Nxd5 cxd5 20.Qe2 Ree8 21.b4 a4 
22.h4 Rc6 23.Rc5 Nxc5 24.dxc5 Qb7 25.Nd4 Rb8 26.Bb1 g6 27.h5 Kh7 28.Rd3 
Rg8 29.Rf3 Rg7 30.Rf6 Qd7 31.Qg4 Rc8 32.hxg6+ Kh8 33.Qh5 fxg6 34.Bxg6 Rcg8
35.Qxh6+ Rh7 36.Bxh7 Qxh7 37.Qxh7+ Kxh7 38.Rxe6 1-0

[Event "Skol-SM 2021, grupp B"]
[Site "Helsingborg Arena"]
[Date "2021.10.10"]
[Round "8.3"]
[White "Olsson, William"]
[Black "Mitra, Akash"]
[Result "1-0"]
[WhiteElo "1944"]
[BlackElo "1776"]
[ECO "E44"]
[TimeControl "45 minutes + 10 seconds per move from move one."]
[WhiteTitle "FM"]
[WhiteFideId "1741721"]
[BlackFideId "1726714"]

1.c4 Nf6 2.Nc3 e6 3.d4 Bb4 4.e3 b6 5.Ne2 Bb7 6.a3 Bxc3+ 7.Nxc3 O-O 8.d5 
exd5 9.cxd5 d6 10.Be2 c5 11.O-O Nbd7 12.e4 Re8 13.f3 a6 14.a4 Qc7 15.Be3 
Rab8 16.b3 Ne5 17.Bf2 Qd7 18.Bh4 Kh8 19.Qd2 Ng6 20.Bg5 Qe7 21.Rae1 Qf8 22.
Bc4 h6 23.Be3 Re7 24.Qe2 Ra8 25.Qf2 Bc8 26.Bd2 Bd7 27.Qe2 Qc8 28.f4 Ne8 
29.Bd3 Nc7 30.e5 Bf5 31.Qf3 Bxd3 32.Qxd3 Ne8 33.e6 Nf8 34.f5 Nf6 35.Ne4 
N8h7 36.Nxd6 1-0

[Event "Skol-SM 2021, grupp B"]
[Site "Helsingborg Arena"]
[Date "2021.10.10"]
[Round "8.4"]
[White "Strom-Engdahl, Alexander"]
[Black "Wernberg, Hugo"]
[Result "1/2-1/2"]
[WhiteElo "1822"]
[BlackElo "1866"]
[ECO "A36"]
[TimeControl "45 minutes + 10 seconds per move from move one."]
[BlackTitle "CM"]
[WhiteFideId "1741586"]
[BlackFideId "1737511"]

1.c4 c5 2.g3 Nf6 3.Nc3 Nc6 4.Bg2 g6 5.d3 Bg7 6.e4 d6 7.Nge2 O-O 8.O-O Rb8 
9.h3 a6 10.a4 Ne8 11.f4 Nc7 12.Be3 Nd4 13.Bxd4 cxd4 14.Nd5 b5 15.Nxc7 bxc4
16.Rc1 Qxc7 17.Rxc4 Qa5 18.Qe1 Qxe1 19.Rxe1 Be6 20.Rc6 Rxb2 21.Rxa6 Rc8 
22.Bf1 d5 23.exd5 Bxd5 24.Rc1 Rxc1 25.Nxc1 Bf3 26.Ra7 e5 27.Rc7 exf4 28.
Rc8+ Bf8 29.gxf4 Kg7 30.Re8 Bd6 31.Ne2 Bxe2 32.Rxe2 Rb4 33.Ra2 Bxf4 34.a5 
Be3+ 35.Kg2 Rb7 36.a6 Ra7 37.Be2 Kf6 38.Bf3 Ke5 39.Bb7 f5 40.Kf3 h5 41.h4 
g5 42.hxg5 Bxg5 43.Rg2 1/2-1/2

[Event "Skol-SM 2021, grupp B"]
[Site "Helsingborg Arena"]
[Date "2021.10.10"]
[Round "8.5"]
[White "Malmstrom, Asker"]
[Black "Harlin, Jacob"]
[Result "1/2-1/2"]
[WhiteElo "1434"]
[BlackElo "1346"]
[ECO "D00"]
[TimeControl "45 minutes + 10 seconds per move from move one."]
[WhiteFideId "1741519"]
[BlackFideId "1728180"]

1.d4 d5 2.Bf4 Nf6 3.e3 Bf5 4.Bd3 Bg6 5.Nf3 e6 6.c3 c5 7.Ne5 c4 8.Bxg6 hxg6
9.Nd2 Be7 10.Ndf3 O-O 11.Ng5 Nh5 12.Ngxf7 Rxf7 13.Nxf7 Kxf7 14.Qf3 Nf6 15.
Be5 Nd7 16.g4 Kg8 17.Bxf6 Nxf6 18.Qe2 Ne4 19.f3 Bh4+ 20.Kf1 Nf2 21.Rg1 Nd3
22.Kg2 Qb6 23.f4 Be7 24.b4 Bd6 25.Rgf1 Rf8 26.Qd2 Qd8 27.g5 Kf7 28.Rf3 Rh8
29.Rh3 Rxh3 30.Kxh3 Qh8+ 31.Kg3 Qh5 32.h4 b5 33.a4 Bc7 34.axb5 Bb6 35.Ra2 
Qh8 36.Ra6 Qe8 37.Ra1 Qxb5 38.Qe2 Ke7 39.h5 gxh5 40.Qxh5 Qe8 41.g6 Qf8 42.
Rh1 Nb2 43.Qg5+ Kd7 44.Rh7 Bd8 45.Qh5 Na4 46.Rh8 Qe7 47.Rh7 Nxc3 48.Qe5 
Ne4+ 49.Kf3 Nf6 50.Rh2 Qxb4 51.f5 Qd6 52.fxe6+ Qxe6 53.Ra2 Qg4+ 54.Kf2 
Ne4+ 55.Ke1 Qg1+ 56.Ke2 Nc3+ 57.Kf3 Nxa2 58.Qxd5+ Ke7 59.Qe5+ Kd7 60.Qd5+ 
Kc7 61.Qc5+ Kb7 62.Qb5+ Bb6 63.Qd7+ Bc7 64.Qb5+ Bb6 65.Qd7+ Kb8 66.Qe8+ 
Kc7 67.Qe7+ Kc6 68.Qe8+ Kd6 69.Qf8+ Ke6 70.Qf7+ Kd6 71.Qf8+ Kc6 72.Qe8+ 
Kb7 73.Qd7+ Bc7 74.Qb5+ Bb6 75.Qd7+ Kb8 76.Qe8+ Kc7 77.Qe7+ Kc6 78.Qe8+ 
Kd6 79.Qe5+ Kd7 80.Qb5+ Ke7 81.Qe5+ Kf8 82.Qd6+ Ke8 83.Qe6+ Kd8 1/2-1/2

[Event "Skol-SM 2021, grupp B"]
[Site "Helsingborg Arena"]
[Date "2021.10.10"]
[Round "8.6"]
[White "Truskavetska, Solomia"]
[Black "Nilsson, Oliver"]
[Result "1-0"]
[WhiteElo "1280"]
[BlackElo "1527"]
[ECO "C78"]
[TimeControl "45 minutes + 10 seconds per move from move one."]
[WhiteFideId "1744658"]
[BlackFideId "1730177"]

1.e4 e5 2.Nf3 Nc6 3.Bb5 Nf6 4.O-O a6 5.Ba4 Bc5 6.Nxe5 Nxe5 7.d4 Bd6 8.dxe5
Bxe5 9.f4 Bd6 10.Be3 Nxe4 11.Bd4 b5 12.Bb3 Bb7 13.Re1 Kf8 14.Qh5 Qe7 15.
Nc3 c5 16.Nxe4 Bxe4 17.Rxe4 c4 18.Rxe7 Bxe7 19.Re1 Re8 20.Bxc4 bxc4 21.Qd5
d6 22.Qxc4 h5 23.Qc3 Rg8 24.f5 f6 25.Qa5 Kf7 26.Qxa6 h4 27.Qc4+ Kf8 28.Qc7
g5 29.Qc3 Kf7 30.Qc4+ Kg7 31.Qc7 Kf7 32.Re6 Kg7 33.Rxe7+ Rxe7 34.Qxe7+ Kh6
35.Qxf6+ Kh5 36.Qf7+ 1-0

[Event "Skol-SM 2021, grupp C"]
[Site "Helsingborg Arena"]
[Date "2021.10.08"]
[Round "1.3"]
[White "Persson, Sebastian"]
[Black "Fridman, Arvid"]
[Result "1/2-1/2"]
[WhiteElo "1194"]
[BlackElo "1546"]
[ECO "D43"]
[TimeControl "45 minutes + 10 seconds per move from move one."]
[WhiteFideId "1764187"]
[BlackFideId "1758632"]

1.d4 d5 2.c4 c6 3.Nf3 Nf6 4.Nc3 e6 5.Bg5 h6 6.Bh4 Be7 7.e3 Nbd7 8.Bd3 O-O 
9.O-O a6 10.c5 Nh5 11.Bxe7 Qxe7 12.b4 Nhf6 13.Qc2 e5 14.dxe5 Nxe5 15.Nd4 
Nxd3 16.Qxd3 Qe5 17.Rfe1 Bg4 18.h3 Bh5 19.e4 Rad8 20.exd5 Qf4 21.d6 Nd7 
22.Qe3 Qf6 23.Ne4 Qe5 24.Ng3 Qxe3 25.Rxe3 Bg6 26.Ngf5 Rfe8 27.Rae1 Rxe3 
28.Rxe3 Nf6 29.Ne7+ Kh7 30.Nxg6 Kxg6 31.Re7 Rd7 32.Rxd7 Nxd7 33.Nb3 b6 34.
Nd4 bxc5 35.Nxc6 cxb4 36.Nxb4 a5 37.Nc6 a4 38.Ne7+ Kf6 39.Nd5+ Ke6 40.Nc3 
Nb6 41.Nb5 Kd7 42.Kf1 Nc4 43.Nc3 a3 44.Ke2 Kxd6 45.Kd3 Kc5 46.Ne4+ Kb4 47.
Nd2 Nb2+ 48.Kc2 Na4 49.Nb1 f5 50.h4 g5 51.hxg5 hxg5 52.f3 Nb6 53.Nc3 Nc4 
54.Kd3 Ne3 55.g3 g4 56.fxg4 fxg4 57.Ne2 Nf1 58.Kd4 Nd2 59.Kd3 Nc4 60.Kd4 
Nd6 61.Kd3 Nc4 62.Kd4 Nb2 63.Nc3 Nc4 64.Ne2 Nb6 65.Kd3 Nc8 66.Kd2 Kc4 67.
Kc2 Nd6 68.Nc3 Nf5 69.Ne4 Ne3+ 70.Kd2 Nd5 71.Nf2 Nf6 72.Kc2 Nh5 73.Nxg4 
Nxg3 74.Ne3+ Kd4 75.Kb3 Kxe3 76.Kxa3 Kd4 77.Kb4 Nf5 78.a4 Nd6 1/2-1/2

[Event "Skol-SM 2021, grupp C"]
[Site "Helsingborg Arena"]
[Date "2021.10.09"]
[Round "3.1"]
[White "Trost, Edvin"]
[Black "Schriever-Abeln, Marius"]
[Result "1-0"]
[WhiteElo "1988"]
[BlackElo "1387"]
[ECO "D30"]
[TimeControl "45 minutes + 10 seconds per move from move one."]
[WhiteTitle "CM"]
[WhiteFideId "1729519"]
[BlackFideId "1752650"]

1.d4 d5 2.c4 e6 3.Nf3 a6 4.Nbd2 Nf6 5.g3 Be7 6.Bg2 O-O 7.O-O c6 8.Qc2 Nbd7
9.e4 dxe4 10.Nxe4 Nxe4 11.Qxe4 Nf6 12.Qe3 Qc7 13.b3 b5 14.Bb2 Bb7 15.Rac1 
Qb6 16.Ne5 Rfd8 17.Rfe1 bxc4 18.Nxf7 Rf8 19.Ng5 Bc8 20.Nxe6 Re8 21.Qg5 Bf8
22.d5 Bxe6 23.dxe6 Be7 24.Rxc4 Rf8 25.Bd4 Qc7 26.Rxc6 Qd8 27.Ba1 Rc8 28.h3
Rxc6 29.Bxc6 Qb6 30.Bf3 Bc5 31.e7 Bxf2+ 32.Kg2 Bxe1 33.Qd5+ Rf7 34.Qd8+ 
1-0

[Event "Skol-SM 2021, grupp C"]
[Site "Helsingborg Arena"]
[Date "2021.10.09"]
[Round "3.2"]
[White "Morell, Ludvig"]
[Black "Lind Berteusen, Alvin"]
[Result "0-1"]
[WhiteElo "1695"]
[BlackElo "1254"]
[ECO "B33"]
[TimeControl "45 minutes + 10 seconds per move from move one."]
[WhiteFideId "1736779"]
[BlackFideId "1763318"]

1.e4 c5 2.Nf3 Nc6 3.d4 cxd4 4.Nxd4 Nf6 5.Nc3 e5 6.Ndb5 d6 7.Bg5 a6 8.Na3 
b5 9.Nd5 Be7 10.Bxf6 Bxf6 11.c3 Bg5 12.Nc2 Ne7 13.a4 Nxd5 14.Qxd5 Be6 15.
Qc6+ Ke7 16.axb5 axb5 17.Rxa8 Qxa8 18.Bxb5 Qxc6 19.Bxc6 Rb8 20.Nb4 Bc1 21.
Bd5 Kd7 22.b3 Ba3 23.Nc2 Bxd5 24.Nxa3 Bxe4 25.b4 Ra8 26.f3 Rxa3 27.fxe4 
Ra1+ 0-1

[Event "Skol-SM 2021, grupp C"]
[Site "Helsingborg Arena"]
[Date "2021.10.09"]
[Round "3.3"]
[White "Martin, Johannes"]
[Black "Fridman, Arvid"]
[Result "0-1"]
[WhiteElo "1474"]
[BlackElo "1546"]
[ECO "D11"]
[TimeControl "45 minutes + 10 seconds per move from move one."]
[WhiteFideId "1742698"]
[BlackFideId "1758632"]

1.Nf3 Nf6 2.d4 d5 3.c4 c6 4.Bf4 Bf5 5.e3 e6 6.Bd3 Bg6 7.O-O Bd6 8.Be5 Bxe5
9.Nxe5 Bxd3 10.Qxd3 Nbd7 11.Nxd7 Qxd7 12.Nd2 O-O 13.Nf3 Rac8 14.Rac1 Qe7 
15.a3 Nd7 16.Qb3 Nb6 17.Nd2 e5 18.dxe5 dxc4 19.Nxc4 Qe6 20.Qc3 Nxc4 21.
Qxc4 Qxe5 22.Qc3 Qe7 23.Rfd1 Rfd8 24.Qb3 Rc7 25.Rc3 Rcd7 26.Rcd3 b6 27.Qc3
c5 28.h3 h6 29.Qc4 Kf8 30.Qb5 Rxd3 31.Rxd3 Rxd3 32.Qxd3 g6 33.Qd5 Qc7 34.
Kf1 Ke7 35.Qe4+ Kf6 36.Qd5 Qe5 37.Qxe5+ Kxe5 38.Ke2 Kd5 39.Kd3 c4+ 40.Kc3 
Kc5 41.e4 a5 42.f4 b5 43.g4 b4+ 44.axb4+ axb4+ 45.Kc2 Kd4 46.e5 Ke4 47.f5 
Kxe5 48.fxg6 fxg6 49.Kd2 Kd4 50.h4 Ke4 51.g5 hxg5 52.hxg5 Kf4 0-1

[Event "Skol-SM 2021, grupp C"]
[Site "Helsingborg Arena"]
[Date "2021.10.09"]
[Round "3.4"]
[White "Hillerdahl, Maximus"]
[Black "Lindholm, Marcus"]
[Result "0-1"]
[WhiteElo "1165"]
[BlackElo "1340"]
[ECO "D43"]
[TimeControl "45 minutes + 10 seconds per move from move one."]
[WhiteFideId "1754149"]
[BlackFideId "1743473"]

1.d4 d5 2.c4 c6 3.Nc3 Nf6 4.Nf3 e6 5.Bf4 dxc4 6.e4 b5 7.a4 Bb4 8.e5 Nd5 9.
Bg3 Nxc3 10.Nd2 Nxd1 0-1

[Event "Skol-SM 2021, grupp C"]
[Site "Helsingborg Arena"]
[Date "2021.10.09"]
[Round "4.1"]
[White "Lind Berteusen, Alvin"]
[Black "Trost, Edvin"]
[Result "0-1"]
[WhiteElo "1254"]
[BlackElo "1988"]
[ECO "B52"]
[TimeControl "45 minutes + 10 seconds per move from move one."]
[BlackTitle "CM"]
[WhiteFideId "1763318"]
[BlackFideId "1729519"]

1.e4 c5 2.Nf3 d6 3.Bb5+ Bd7 4.Bxd7+ Qxd7 5.O-O Nc6 6.Re1 Nf6 7.d3 e6 8.Nc3
Be7 9.Bg5 O-O 10.h3 Rac8 11.Qd2 Rfd8 12.Rad1 Nd4 13.Nh2 b5 14.Ne2 Nxe2+ 
15.Rxe2 d5 16.e5 Ne8 17.Bxe7 Qxe7 18.d4 cxd4 19.Nf3 b4 20.Nxd4 a5 21.Qd3 
Rc4 22.Rdd2 Rdc8 23.g3 Nc7 24.Kg2 Na6 25.b3 Nc5 26.Qe3 Rc3 27.Qf4 Ne4 28.
Rd3 Qc5 29.Ree3 Qe7 30.Re2 Qc5 31.Ree3 Rxd3 32.Rxd3 Nc3 33.Rf3 Qe7 34.h4 
Nxa2 35.h5 h6 36.Rd3 Nc3 37.Rf3 Ne4 38.Rd3 Qe8 39.f3 Nc3 40.Kh3 Nb5 41.Rd2
Nxd4 42.Qxd4 Qb5 43.Kg2 a4 44.bxa4 Qxa4 45.Qd3 Rc3 46.Qe2 Qc6 47.g4 Qc5 
48.Kg3 Re3 49.Qa6 Rxe5 50.Qa8+ Kh7 51.Qf8 Qxf8 0-1

[Event "Skol-SM 2021, grupp C"]
[Site "Helsingborg Arena"]
[Date "2021.10.09"]
[Round "4.2"]
[White "Fridman, Arvid"]
[Black "Morell, Ludvig"]
[Result "1-0"]
[WhiteElo "1546"]
[BlackElo "1695"]
[ECO "D00"]
[TimeControl "45 minutes + 10 seconds per move from move one."]
[WhiteFideId "1758632"]
[BlackFideId "1736779"]

1.d4 d5 2.Bf4 c5 3.Nc3 e6 4.e3 a6 5.Nf3 Nc6 6.a4 Nf6 7.Ne2 Qb6 8.Rb1 cxd4 
9.exd4 Ne4 10.c3 Bd6 11.Bxd6 Nxd6 12.Ng3 Bd7 13.Bd3 h6 14.O-O O-O 15.h3 
Qc7 16.Bc2 Rac8 17.Qd3 f5 18.Qe2 b5 19.Nh5 Rfe8 20.Ne5 Nxe5 21.Qxe5 Re7 
22.Rfe1 Rf7 23.Nf4 Re8 24.Nd3 Qc6 25.Nb4 Qb6 26.a5 Qc7 27.Nxa6 Qc6 28.Nb4 
Qc7 29.Ra1 Ra8 30.a6 Qb6 31.Bd3 Nc4 32.Bxc4 bxc4 33.Ra3 Rf6 34.Nxd5 1-0

[Event "Skol-SM 2021, grupp C"]
[Site "Helsingborg Arena"]
[Date "2021.10.09"]
[Round "4.3"]
[White "Schriever-Abeln, Marius"]
[Black "Zeidlitz, Ange"]
[Result "0-1"]
[WhiteElo "1387"]
[BlackElo "1243"]
[ECO "D08"]
[TimeControl "45 minutes + 10 seconds per move from move one."]
[WhiteFideId "1752650"]
[BlackFideId "1744615"]

1.d4 d5 2.c4 e5 3.dxe5 d4 4.Nf3 Nc6 5.Nbd2 Bf5 6.a3 Qe7 7.Nb3 O-O-O 8.Bf4 
Qe6 9.Nh4 Be7 10.Nxf5 Qxf5 11.Qd2 g5 12.Bg3 h5 13.h3 Nh6 14.O-O-O g4 15.h4
Qe6 16.Qc2 Nf5 17.Nd2 Nxg3 18.fxg3 Qxe5 19.Qd3 f5 20.Re1 Bf8 21.Kb1 Bg7 
22.Nb3 Rhe8 23.Kc2 Qe4 24.Nc5 Qe5 25.b4 Bf8 26.b5 Na5 27.Nb3 Nxb3 28.Kxb3 
Qe3 29.Kc2 Qxd3+ 30.Kxd3 Re3+ 31.Kc2 Rxa3 32.Rd1 Re3 33.Rd3 Bc5 34.Kd2 Rd6
35.Kc2 a6 36.Kb3 Rxd3+ 37.exd3 Re6 38.bxa6 bxa6 39.Kc2 Re1 40.Kd2 Bb4+ 41.
Kc2 c5 42.Kb2 Kc7 43.Ka2 Kb6 44.Kb2 Ka5 45.Ka2 Ka4 46.Kb2 Bc3+ 47.Kc2 a5 
48.Rg1 Kb4 49.Rh1 a4 50.Rg1 a3 51.Rh1 a2 52.Be2 a1=N# 0-1